 Dungeon Crawl Stone Soup version 0.22-a0-542-gce4f928 (webtiles) character file.

805 inc the Firebug (level 7, -9/51 HPs)
             Began as a Gnoll Fire Elementalist on June 24, 2018.
             Was an Initiate of Gozag.
             Killed by divine providence
             ... invoked by an orc priest
              (13 damage)
             ... on level 5 of the Dungeon.
             The game lasted 00:10:21 (4656 turns).

inc the Firebug (Gnoll Fire Elementalist)           Turns: 4656, Time: 00:10:23

Health: -9/51      AC:  3    Str: 10    XL:     7   Next: 91%
Magic:  2/15       EV: 14    Int: 20    God:    Gozag
Gold:   156        SH:  5    Dex: 15    Spells: 11/17 levels left

rFire    . . .     SeeInvis .   m - +0 trident (protect)
rCold    . . .     Gourm    .   l - +0 buckler
rNeg     . . .     Faith    .   u - +0 leather armour
rPois    .         Spirit   .   (no helmet)
rElec    .         Reflect  .   (no cloak)
rCorr    .         Harm     .   (no gloves)
MR       .....                  (no boots)
Stlth    +++.......             (no amulet)
HPRegen  0.17/turn              (no ring)
MPRegen  0.14/turn              (no ring)

@: gold aura, very slightly contaminated
A: distributed training, fangs 1, strong nose
a: Potion Petition, Call Merchant, Bribe Branch, Renounce Religion


You were on level 5 of the Dungeon.
You worshipped Gozag.
Gozag was aware of your devotion.
You were full.

You visited 2 branches of the dungeon, and saw 6 of its levels.

You collected 213 gold pieces.
You paid 57 gold pieces to Gozag.

Inventory:

Hand Weapons
 m - a +0 trident of protection (weapon)
Armour
 a - a +0 robe
 e - a +0 chain mail
 l - a +0 buckler (worn)
 n - a +0 scale mail
 u - a +0 leather armour (worn)
Jewellery
 t - an uncursed amulet of faith
Wands
 g - a wand of enslavement (18)
Scrolls
 f - a scroll of remove curse {unknown}
 h - a scroll of blinking
 o - a scroll of fear {unknown}
 p - a scroll of fog
 q - a scroll of amnesia {unknown}
 r - 2 scrolls of immolation {unknown}
Potions
 b - 2 potions of lignification
 i - a potion of might {unknown}
 j - a potion of invisibility {unknown}
 s - a potion of haste {unknown}
 v - a potion of heal wounds {unknown}
Comestibles
 c - 6 rations


   Skills:
 + Level 2.7 Fighting
 + Level 2.7 Short Blades
 + Level 2.7 Long Blades
 + Level 2.7 Axes
 + Level 2.7 Maces & Flails
 + Level 2.7 Polearms
 + Level 2.7 Staves
 + Level 2.7 Slings
 + Level 2.7 Bows
 + Level 2.7 Crossbows
 + Level 2.7 Throwing
 + Level 2.7 Armour
 + Level 5.3 Dodging
 + Level 5.0 Stealth
 + Level 2.7 Shields
 + Level 2.7 Unarmed Combat
 + Level 5.7 Spellcasting
 + Level 3.1 Conjurations
 + Level 2.2 Hexes
 + Level 2.2 Charms
 + Level 2.2 Summonings
 + Level 2.2 Necromancy
 + Level 2.2 Translocations
 + Level 2.2 Transmutations
 + Level 5.9 Fire Magic
 + Level 2.2 Ice Magic
 + Level 2.2 Air Magic
 + Level 2.2 Earth Magic
 + Level 2.2 Poison Magic
 + Level 3.0 Invocations
 + Level 2.7 Evocations


You had 11 spell levels left.
You knew the following spells:

 Your Spells              Type           Power        Failure   Level  Hunger
a - Flame Tongue          Conj/Fire      ###..        2%          1    None
b - Blink                 Tloc           N/A          11%         2    None
c - Mephitic Cloud        Conj/Pois/Air  ###.....     19%         3    ##.....

Your spell library contained the following spells:

 Spells                   Type           Power        Failure   Level  Hunger
 Magic Dart               Conj           ###.         4%          1    None
 Fireball                 Conj/Fire      ###.......   58%         5    #####..
 Conjure Flame            Conj/Fire      ###.....     8%          3    ##.....
 Slow                     Hex            ##......     11%         2    None
 Throw Flame              Conj/Fire      ###...       4%          2    None
 Sticky Flame             Conj/Fire      ###.....     26%         4    ####...
 Call Imp                 Summ           ##......     11%         2    None
 Spider Form              Tmut/Pois      ##........   21%         3    ##.....
 Blade Hands              Tmut           ##........   88%         5    #####..
 Ice Form                 Ice/Tmut       ##......     56%         4    ####...
 Sticks to Snakes         Tmut           ##......     11%         2    None
 Inner Flame              Hex/Fire       ###.....     10%         3    ##.....
 Beastly Appendage        Tmut           ##....       7%          1    None


Dungeon Overview and Level Annotations

Branches:
Dungeon (5/15)             Temple (1/1) D:4

Altars:
Ashenzari
Dithmenos
Elyvilon
Fedhas
Gozag
Makhleb
Qazlal
Ru
Vehumet
Wu Jian
Xom
Yredelemnul

Shops:
D:4 =

Annotations:
D:2 1 runed door
D:4 Dowan, Duvessa


Innate Abilities, Weirdness & Mutations

Your experience applies equally to all skills.
You have very sharp teeth.
Your uncanny sense of smell can sniff out nearby items.


Message History

The flame tongue misses the orc priest.
The orc priest closely misses you.
Unknown command.
Casting: Flame Tongue (safe; 2% risk of failure)
Confirm with . or Enter, or press ? or * to list all spells.
Aiming: Flame Tongue (safe; 2% risk of failure)
Press: ? - help, Shift-Dir - straight line, f/p - orc priest
Aim: an orc priest, wielding a mace and wearing a glowing leather armour (moderately wounded)
The flame tongue misses the orc priest.
The orc priest closely misses you.
Unknown command.
Casting: Flame Tongue (safe; 2% risk of failure)
Confirm with . or Enter, or press ? or * to list all spells.
Aiming: Flame Tongue (safe; 2% risk of failure)
Press: ? - help, Shift-Dir - straight line, f/p - orc priest
Aim: an orc priest, wielding a mace and wearing a glowing leather armour (moderately wounded)
The flame tongue hits the orc priest.
The orc priest is moderately wounded.
The orc priest mumbles some strange prayers to Beogh against you.
Beogh smites you!
You die...
Your body crumbles into a pile of gold.

$ #############
#.......#...# #
########...........#.#
#....................#
♣
#.######.......?.....#
♣ #.# #.......@$......
♣
#.#######....##o$...##
#.#
#..)....#..#........#
#.#
#######.#...........#
#.#
#.##.#####....#######.#
#.##>. .........##.#
#.#### .........##.#
#.# .........##.# # #.#
∆ ........##.###


You could see an orc priest.

Vanquished Creatures
  Eustachio (D:4)
  A phantom (D:4)
  An ogre (D:4)
  2 hounds (D:4)
  Terence (D:2)
  5 orc wizards
  2 worker ants (D:3)
  10 adders
  2 oozes
  4 worms
  3 dart slugs
  3 leopard geckos
  12 orcs
  2 ball pythons (D:3)
  7 bats
  6 giant cockroaches
  7 goblins
  10 hobgoblins
  4 quokkas
  2 frilled lizards
  6 kobolds
  9 rats
100 creatures vanquished.

Notes
Turn   | Place    | Note
-------+----------+-------------------------------------------
     0 | D:1      | inc the Gnoll Fire Elementalist began the quest for the Orb.
     0 | D:1      | Reached XP level 1. HP: 13/13 MP: 6/6
   201 | D:1      | Reached XP level 2. HP: 19/19 MP: 5/7
   316 | D:1      | You fall through a shaft!
   356 | D:2      | Reached XP level 3. HP: 21/25 MP: 1/9
   369 | D:2      | Reached skill level 5 in Spellcasting
   530 | D:2      | Noticed Terence
   708 | D:1      | Reached skill level 1 in Invocations
  1127 | D:2      | Killed Terence
  1127 | D:2      | Reached skill level 1 in Fighting
  1127 | D:2      | Reached skill level 1 in Short Blades
  1127 | D:2      | Reached skill level 1 in Long Blades
  1127 | D:2      | Reached skill level 1 in Axes
  1127 | D:2      | Reached skill level 1 in Maces & Flails
  1127 | D:2      | Reached skill level 1 in Polearms
  1127 | D:2      | Reached skill level 1 in Staves
  1127 | D:2      | Reached skill level 1 in Slings
  1127 | D:2      | Reached skill level 1 in Bows
  1127 | D:2      | Reached skill level 1 in Crossbows
  1127 | D:2      | Reached skill level 1 in Throwing
  1127 | D:2      | Reached skill level 1 in Armour
  1127 | D:2      | Reached skill level 1 in Shields
  1127 | D:2      | Reached skill level 1 in Unarmed Combat
  1127 | D:2      | Reached skill level 1 in Evocations
  1127 | D:2      | Reached XP level 4. HP: 27/32 MP: 0/11
  1258 | D:2      | Reached skill level 1 in Hexes
  1258 | D:2      | Reached skill level 1 in Charms
  1258 | D:2      | Reached skill level 1 in Summonings
  1258 | D:2      | Reached skill level 1 in Necromancy
  1258 | D:2      | Reached skill level 1 in Translocations
  1258 | D:2      | Reached skill level 1 in Transmutations
  1258 | D:2      | Reached skill level 1 in Ice Magic
  1258 | D:2      | Reached skill level 1 in Air Magic
  1258 | D:2      | Reached skill level 1 in Earth Magic
  1258 | D:2      | Reached skill level 1 in Poison Magic
  1568 | D:2      | Reached XP level 5. HP: 37/37 MP: 7/12
  1679 | D:2      | Found a runed door.
  2880 | D:3      | Reached XP level 6. HP: 44/44 MP: 11/13
  3490 | D:4      | Noticed a phantom
  3501 | D:4      | Killed a phantom
  3501 | D:4      | Reached skill level 5 in Dodging
  3720 | D:4      | Found Jeumaett's Jewellery Shop.
  3748 | D:4      | Found a shadowy altar of Dithmenos.
  3781 | D:4      | Reached XP level 7. HP: 50/50 MP: 8/15
  3825 | D:4      | Noticed Duvessa
  3830 | D:4      | Noticed Dowan
  3896 | D:5      | Entered Level 5 of the Dungeon
  3896 | D:5      | Found an opulent altar of Gozag.
  4049 | D:4      | Found a staircase to the Ecumenical Temple.
  4055 | Temple   | Entered the Ecumenical Temple
  4212 | D:5      | Became a worshipper of Gozag Ym Sagoz the Greedy
  4222 | D:5      | Found a white marble altar of Elyvilon.
  4316 | D:4      | Learned a level 2 spell: Blink
  4320 | D:4      | Learned a level 3 spell: Mephitic Cloud
  4325 | D:4      | Noticed Eustachio
  4335 | D:4      | Killed Eustachio
  4335 | D:4      | Reached skill level 5 in Stealth
  4656 | D:5      | Killed from afar by an orc priest

Vault maps used:
D:1:      minmay_arrival_stone_box
D:2:      first_ration, uniq_crazy_yiuf_cottage, uniq_terence
D:3:      corexii_item_surrounded_by_moat, kennysheep_minor_cross
D:4:      lemuel_crystal_altar, minmay_temple_entry_hall, serial_shops,
          nicolae_shop_stone, minmay_misc_feat_rows,
          minmay_a_box_with_orc_wizards_in_it, uniq_duvessa, uniq_eustachio
D:5:      elyvilon_altar_3, nicolae_gozag_seed_capital,
          lemuel_coloured_pillars_altar, st_stairs_6
Temple:   nicolae_temple_figure_zero

Skill      XL: |  1  2  3  4  5  6  7 |
---------------+----------------------+-----
Conjurations   | 2 3 |  3.1
Spellcasting   | 5 |  5.7
Invocations    | 1 2 3 |  3.0
Fighting       | 1 2 |  2.7
Short Blades   | 1 2 |  2.7
Long Blades    | 1 2 |  2.7
Axes           | 1 2 |  2.7
Maces & Flails | 1 2 |  2.7
Polearms       | 1 2 |  2.7
Staves         | 1 2 |  2.7
Slings         | 1 2 |  2.7
Bows           | 1 2 |  2.7
Crossbows      | 1 2 |  2.7
Throwing       | 1 2 |  2.7
Armour         | 1 2 |  2.7
Shields        | 1 2 |  2.7
Unarmed Combat | 1 2 |  2.7
Evocations     | 1 2 |  2.7
Hexes          | 1 2 |  2.2
Charms         | 1 2 |  2.2
Summonings     | 1 2 |  2.2
Necromancy     | 1 2 |  2.2
Translocations | 1 2 |  2.2
Transmutations | 1 2 |  2.2
Ice Magic      | 1 2 |  2.2
Air Magic      | 1 2 |  2.2
Earth Magic    | 1 2 |  2.2
Poison Magic   | 1 2 |  2.2
Dodging        | 5 |  5.3
Stealth        | 5 |  5.0
Fire Magic     | |  5.9

Action                   |  1- 3 |  4- 6 |  7- 9 || total
-------------------------+-------+-------+-------++-------
Melee: Trident           |       |    37 |    25 ||    62
       Bite              |       |     4 |     3 ||     7
 Cast: Flame Tongue      |    71 |   121 |    46 ||   238
  Use: Potion            |       |     5 |       ||     5
       Scroll            |       |       |     3 ||     3
 Stab: Sleeping          |       |     1 |       ||     1
  Eat: Chunk             |       |     8 |     1 ||     9
       Ration            |       |       |     2 ||     2
Armor: Robe              |     7 |     9 |       ||    16
       Leather armour    |       |     6 |     7 ||    13
Dodge: Dodged            |    26 |    48 |    23 ||    97
Block: Buckler           |     2 |    19 |    13 ||    34

Table legend:
 A = Spawn XP
 B = Non-spawn XP
 C = Spawn XP percentage of total XP
 D = Spawn monster count
 E = Non-spawn monster count
 F = Spawn count percentage of total count
 G = Total turns spent on level
                    A         B        C        D         E        F      G
               +---------+---------+-------+---------+---------+-------+---------
         Total |       0 |    1151 |   0.0 |       0 |     100 |   0.0 |  4656
               +---------+---------+-------+---------+---------+-------+---------
           D:1 |       0 |      35 |   0.0 |       0 |      18 |   0.0 |   760
           D:2 |       0 |     137 |   0.0 |       0 |      26 |   0.0 |  1032
           D:3 |       0 |     194 |   0.0 |       0 |      29 |   0.0 |  1668
           D:4 |       0 |     678 |   0.0 |       0 |      19 |   0.0 |   748
           D:5 |       0 |     107 |   0.0 |       0 |       8 |   0.0 |   321
               +---------+---------+-------+---------+---------+-------+---------
